[Event "FIDE Women GP Cyprus 2025"]
[Site "Nicosia"]
[Date "2025.03.19"]
[Round "5.1"]
[White "Divya Deshmukh"]
[Black "Dzagnidze, Nana"]
[Result "1/2-1/2"]
[Annotator "TA"]
[ECO "E32"]
[WhiteElo "2470"]
[BlackElo "2513"]
[PlyCount "81"]
[EventDate "2025.03.10"]
[EventType "tourn"]
[EventCountry "CYP"]
[SourceTitle "playchess.com"]
[Source "ChessBase"]
[SourceQuality "1"]
[TimeControl "40/5400+30:1800+30"]

1. d4 Nf6 2. c4 e6 3. Nc3 Bb4 4. Qc2 O-O 5. e4 d5 6. e5 Ne4 7. Bd3 c5 8. Nf3 {[%emt 0:00:14] E32: Nimzo-Indian: Classical (4 Qc2): 4...0-0.} cxd4 9. Nxd4 Nd7 10. Bf4 {[%emt 0:00:12] The position is equal.} Qh4 $1 {[%emt 0:00:55] 10...Qh4 is better than 10...Ndc5.} 11. g3 Qh5 12. O-O g5 $132 {[%emt 0:04:10][%mdl 2048] Black is not holding back} (12... Nxe5 13. Be2 Qg6 (13... Ng4 14. Bxg4 Qxg4 15. f3 $16) 14. Bxe5 $18) 13. cxd5 Bxc3 14. bxc3 exd5 15. Be3 {[%emt 0:08:49] and f3 would now be decisive} (15. Bxe4 $5 dxe4 16. Bd2 $15) 15... Nxe5 {[%emt 0:00:27] Excellent horsemanship.} 16. f3 {[%emt 0:00:04] Prevents Ng4.} Nxd3 17. Qxd3 Nd6 18. g4 Qg6 19. Qxg6+ fxg6 20. Bxg5 Rf7 {[%emt 0:00:37] Prevents Be7. Black is weak on the dark squares} 21. Rae1 Bd7 22. Re5 Nb5 23. Nxb5 Bxb5 24. Rf2 Re8 $146 (24... Bc6 25. Be3 d4 26. Bxd4 Bxf3 27. h3 a6 28. a3 Bc6 29. Bc5 Rxf2 30. Kxf2 Re8 31. Rxe8+ Bxe8 {½-½ So,W (2760)-Aronian,L (2745) Warsaw Superbet Blitz 2023 (14)}) 25. Rxd5 Bc6 26. Rd3 h5 {[%emt 0:06:36] [#] ...Re1+ would now be deadly.} 27. h3 Re5 28. Be3 a6 (28... Bxf3 $11 {deserves consideration.} 29. Rd8+ Kh7 30. Rxf3 Rxf3) 29. Kg2 $14 Rfe7 30. Bf4 Re2 31. Rd8+ Kf7 32. Rd2 Bb5 33. Rfxe2 Rxe2+ 34. Rxe2 Bxe2 $11 {[%emt 0:00:05][%mdl 4096] Endgame KB-KB. White is a pawn up.} 35. Kf2 Bd1 36. Ke3 Ke6 37. Ke4 Bc2+ 38. Kd4 Bd1 39. Ke4 Bc2+ 40. Kd4 Bd1 41. Ke4 {[%emt 0:30:32] Weighted Error Value: White=0.05 (flawless) /Black=0.04 (flawless)   Mistake:       	---       	Black=1      Inaccurate:     	White=2     	---        OK:         	White=15    	Black=20     Best:        	---       	Black=1} 1/2-1/2

[Event "FIDE Women GP Cyprus 2025"]
[Site "Nicosia"]
[Date "2025.03.19"]
[Round "5.2"]
[White "Tsolakidou, Stavroula"]
[Black "Muzychuk, Anna"]
[Result "0-1"]
[Annotator "TA"]
[ECO "D40"]
[WhiteElo "2445"]
[BlackElo "2516"]
[PlyCount "66"]
[EventDate "2025.03.10"]
[EventType "tourn"]
[EventCountry "CYP"]
[SourceTitle "playchess.com"]
[Source "ChessBase"]
[SourceQuality "1"]
[TimeControl "40/5400+30:1800+30"]

1. d4 Nf6 2. c4 e6 3. Nf3 d5 4. Nc3 c5 5. e3 Nc6 6. a3 dxc4 7. Bxc4 a6 {[%emt 0:00:20] D40: Queen's Gambit Declined: Semi-Tarrasch with 5 e3.} 8. Ba2 {[%emt 0:04:43] 8.Bd3 is setting a new trend.} b5 9. Qc2 Bb7 $1 $146 {[%emt 0:09:45][%mdl 8] The position is equal. A relevant novelty.} (9... cxd4 10. exd4 Bb7 11. d5 exd5 12. Bg5 Be7 13. Rd1 d4 14. O-O O-O 15. Rfe1 b4 {1-0 Firouzja,A (2759)-Ding,L (2780) Tata Steel-A 86th 2024 (8)}) 10. dxc5 Bxc5 11. Nxb5 Bb6 12. Nc3 Rc8 13. Qa4 (13. O-O $14) 13... O-O {[%emt 0:03:19] Black sacrificed a pawn} 14. O-O Qc7 15. Qh4 Rfd8 ({Black should play} 15... Ne7 $11) 16. Na4 (16. e4 $14) 16... Ba7 $11 17. b4 {[%emt 0:01:28] Threatens to win with Bb2.} Ne7 18. Bb2 Nf5 19. Qh3 Ne4 {[%emt 0:01:00][%cal Oe4f2] Prevents Ng5.} 20. Nc5 $1 Bxc5 21. bxc5 Qxc5 {[%emt 0:01:32][%cal Of5e3] White must now prevent ...Nxe3!.} 22. Nd4 $1 Nxd4 23. Bxd4 {[%emt 0:00:05] This pair of bishops is nice.} Qg5 24. Rad1 (24. Rab1 $11 {feels stronger.} Bd5 25. Bxd5 Rxd5 26. Rfd1) 24... h6 $15 25. f4 {[%emt 0:04:32] [#]} Qe7 26. Bb1 Nc3 27. Rd2 Nxb1 28. Rxb1 Be4 {[%emt 0:00:10] Black has a strong bishop and is better} (28... Qxa3 {is interesting.} 29. Qg3 Rc1+ 30. Rd1 Rxd1+ 31. Rxd1 Qf8) 29. Rbd1 {[%emt 0:01:38] White is weak on the light squares} Rd5 30. Qg3 f6 {[%emt 0:00:17] Active counter play!} ({Stronger than} 30... Qxa3 31. Qxg7#) 31. h3 Kh7 ({But not} 31... Qxa3 $6 32. Bxf6 Qf8 33. Bd4 $14) 32. Bb2 Rc2 33. Qf2 {[%emt 0:01:12][%mdl 8192] [#]} (33. Qe1 $17) 33... Rxb2 $1 {[%emt 0:00:36][%mdl 512] Weighted Error Value: White=0.37/Black=0.06 (flawless)   Loses game:     	White=1     	---        Mistake:       	White=3     	Black=1      Inaccurate:     	White=3     	Black=1      OK:         	White=7     	Black=14     Best:        	White=1     	Black=1      Strong:       	White=2     	---        Brilliant:      	---       	Black=1} 0-1

[Event "FIDE Women GP Cyprus 2025"]
[Site "Nicosia"]
[Date "2025.03.19"]
[Round "5.3"]
[White "Zhu, Jiner"]
[Black "Goryachkina, Aleksandra"]
[Result "1/2-1/2"]
[Annotator "TA"]
[ECO "C54"]
[WhiteElo "2514"]
[BlackElo "2548"]
[PlyCount "53"]
[EventDate "2025.03.10"]
[EventType "tourn"]
[EventCountry "CYP"]
[SourceTitle "playchess.com"]
[Source "ChessBase"]
[SourceQuality "1"]
[TimeControl "40/5400+30:1800+30"]

1. e4 e5 2. Nf3 Nc6 3. Bc4 Bc5 4. c3 Nf6 5. d3 d6 6. Bg5 h6 7. Bh4 a5 {[%emt 0:01:09] C54: Giuoco Piano: 4 c3 Nf6, main lines with 5 d4 and 5 d3.} 8. Nbd2 Ba7 9. a4 Qe7 {[%emt 0:03:30] White has an edge.} 10. O-O g5 11. Bg3 Nd7 12. Bb5 h5 $1 {[%emt 0:04:18] [#]} 13. h4 g4 14. Ne1 Nf8 15. Nc4 $146 (15. d4 Bd7 16. Nc2 exd4 17. Bxc6 bxc6 18. Nxd4 Ng6 19. f4 gxf3 20. N2xf3 Ne5 21. Kh1 {0-1 Zemlyanskii,I (2495)-Robson,R (2645) Wch Rapid New York 2024 (3)}) 15... Ng6 16. d4 O-O 17. dxe5 Ncxe5 18. Qd2 Nxh4 {[%emt 0:08:44] Black attacks} (18... Kg7 $17 {Strongly threatening ...c6.} 19. Ne3 (19. Nxa5 f5 $17) 19... c6) 19. Nxe5 dxe5 20. Qh6 $36 {[%emt 0:00:04][%mdl 2048] White is pushing.} Ng6 {[%emt 0:02:22] Against Bc4} 21. Nd3 (21. Rd1 $1 $11 {remains equal.}) 21... h4 $17 22. Bc4 {[%emt 0:00:15] [#]} hxg3 ({Don't go for} 22... Qf6 $2 23. Bxe5 Nxe5 24. Qxf6 $18) (22... Be6 $1 $17 23. Bxe6 (23. Bxe5 Nxe5 24. Nxe5 Bxc4 $17) 23... Qxe6 24. Bxh4 Nxh4 25. Qxh4 f6) 23. Qxg6+ $11 {[%emt 0:00:17] The position is equal.} Kh8 24. Qh6+ Kg8 25. Qg6+ Kh8 26. Qh6+ Kg8 27. Qg6+ {[%emt 0:00:53] Weighted Error Value: White=0.15 (very precise) /Black=0.14 (very precise)   Mistake:       	White=1     	Black=2      Inaccurate:     	White=1     	---        OK:         	White=7     	Black=2      Best:        	White=4     	Black=4      Strong:       	---       	Black=1} 1/2-1/2

[Event "FIDE Women GP Cyprus 2025"]
[Site "Nicosia"]
[Date "2025.03.19"]
[Round "5.4"]
[White "Badelka, Olga"]
[Black "Muzychuk, Mariya"]
[Result "1/2-1/2"]
[Annotator "TA"]
[ECO "E60"]
[WhiteElo "2429"]
[BlackElo "2490"]
[PlyCount "108"]
[EventDate "2025.03.10"]
[EventType "tourn"]
[EventCountry "CYP"]
[SourceTitle "playchess.com"]
[Source "ChessBase"]
[SourceQuality "1"]
[TimeControl "40/5400+30:1800+30"]

1. d4 Nf6 2. c4 g6 3. h4 Bg7 4. Nc3 d6 5. e4 Nc6 6. Nge2 {[%emt 0:00:44] E60: King's Indian: Unusual lines and Fianchetto Variation without Nc3.} O-O 7. d5 Ne5 8. Ng3 h5 9. Be2 c6 10. Bf4 Bd7 11. Qd2 Rc8 $146 (11... cxd5 12. exd5 Rc8 13. b3 Qa5 14. O-O Nfg4 15. Rac1 f5 16. Rfe1 Rf7 17. f3 Nf6 {1-0 Rawlings,A (2225)-Mikuz,S (1945) W-ch WS/M/212 email 2009}) 12. dxc6 Rxc6 13. b3 Qa5 14. Rc1 a6 15. Nd5 Qxd2+ 16. Kxd2 Nxd5 17. exd5 Rc7 18. Ne4 Rfc8 19. a4 Bf5 20. Ng5 (20. Ng3 $11) 20... Nd7 $17 21. Be3 Nc5 {[%emt 0:01:43] Prevents Bd3.} 22. Bxc5 Rxc5 23. Bd3 Bxd3 (23... b5 $17 24. axb5 axb5) 24. Kxd3 $15 b5 25. axb5 axb5 26. Rhe1 Kf8 27. Rc2 bxc4+ 28. bxc4 Ra5 29. Re3 Ra1 30. Rf3 f5 31. Ne6+ Kf7 32. Nxg7 Kxg7 $11 {[%emt 0:00:07][%mdl 4096] Endgame KRR-KRR} 33. Ke2 {[%emt 0:01:30] Prevents Rd1} Rb8 34. Re3 Kf7 35. Kf3 Rd1 36. g3 Rc8 37. Rec3 {[%emt 0:05:44] The position is equal.} Rd4 38. Ke3 Rg4 39. c5 dxc5 40. Rxc5 Rd8 41. Re2 Ra8 42. Kf3 Ra3+ 43. Re3 Rxe3+ 44. fxe3 {[%emt 0:00:00] KR-KR} Ra4 45. Rc7 Ra6 46. Kf4 Kf6 47. Kf3 {[%emt 0:00:00] [#] White wants to mate with Rc6+.} Ra5 48. Rd7 Rb5 49. Rd8 Rb2 50. Rf8+ Kg7 51. Ra8 Rd2 52. Ra5 Kf7 53. Rb5 Ra2 54. Rc5 Rd2 {[%emt 0:00:35] Weighted Error Value: White=0.07 (flawless) /Black=0.04 (flawless)   Mistake:       	White=1     	Black=1      Inaccurate:     	---       	Black=1      OK:         	White=26    	Black=16     Best:        	White=1     	Black=1} 1/2-1/2

[Event "FIDE Women GP Cyprus 2025"]
[Site "Nicosia"]
[Date "2025.03.19"]
[Round "5.5"]
[White "Paehtz, Elisabeth"]
[Black "Harika, Dronavalli"]
[Result "1-0"]
[Annotator "TA"]
[ECO "C26"]
[WhiteElo "2424"]
[BlackElo "2483"]
[PlyCount "99"]
[EventDate "2025.03.10"]
[EventType "tourn"]
[EventCountry "CYP"]
[SourceTitle "playchess.com"]
[Source "ChessBase"]
[SourceQuality "1"]
[TimeControl "40/5400+30:1800+30"]

1. e4 e5 2. Nc3 Nf6 3. d4 exd4 4. Qxd4 Nc6 5. Qd3 Bc5 6. Bf4 {[%emt 0:03:13] [#] C26: Vienna Game: 2...Nf6, sidelines .} d5 $146 (6... d6 7. O-O-O Be6 8. Nd5 O-O 9. Bg5 Bxd5 10. exd5 Ne5 11. Qb3 h6 12. Bh4 Ng6 {½-½ Indjic,A (2595)-Sargissian,G (2671) Chessable Masters Div 3 Win rapid 2024 (1.1)}) 7. exd5 $16 Qe7+ 8. Qe2 {[%emt 0:02:51] White is better.} Qxe2+ 9. Bxe2 Nb4 (9... Ne7 $142) 10. O-O-O (10. Bxc7 $2 {perishes.} Nxc2+ (10... Nbxd5 11. Nxd5 Nxd5 12. Be5 $16) 11. Kd2 Nxa1 $19) 10... c6 11. dxc6 bxc6 12. Nf3 Bxf2 13. Bc4 {Dodges Nfd5} Be6 14. Bxe6 fxe6 15. Rhf1 Bb6 16. Rfe1 Kf7 (16... Rd8 $16 {keeps fighting.} 17. Bd2 (17. Rxe6+ Kf7 $18) 17... O-O) 17. Ne5+ $18 Kg8 18. Bg5 Re8 (18... Nbd5 $142 19. Na4 (19. Nxc6 Nxc3 20. bxc3 Bc5 $18) 19... Bc7) 19. Ne4 Nxe4 20. Rxe4 Nd5 21. Nxc6 {[%emt 0:01:01] [#] Rxd5 would now be deadly.} h6 22. Bd2 {[%emt 0:12:37] Dodges Nc3} Kh7 23. Rde1 Rhf8 24. c4 (24. Rxe6 Rxe6 25. Rxe6 Rf2 $11) 24... Nc7 25. b4 Bf2 26. R1e2 Rc8 27. Rf4 Bg1 28. g3 g5 (28... Rxf4 $142 29. Bxf4 Na6) 29. Rxf8 Rxf8 30. Bc3 Rc8 31. Kb2 h5 32. Rd2 Kh6 33. Rg2 Be3 34. Re2 Bg1 35. Bd2 Re8 36. Rg2 Rf8 37. Rxg1 Rf2 38. Kc3 Rxh2 39. Nxa7 Kg6 40. b5 e5 41. Nc6 e4 42. b6 Na6 43. b7 Kf5 44. Rb1 Rg2 45. Rb5+ Kg4 46. Rxg5+ Kf3 47. Rf5+ Kxg3 48. Rxh5 (48. Ra5 $142 e3 49. Bxe3 (49. Rxa6 exd2 50. b8=Q+ Kf2 $18) (49. b8=Q+ Nxb8 50. Be1+ Kg4 $18) 49... Re2 50. Bd4 (50. Rxa6 Rxe3+ 51. Kb4 Re8 $18) 50... Nb8 51. Nxb8 Kh3 52. Nd7 (52. Rxh5+ Kg2 $18) 52... h4 53. b8=Q (53. b8=B Re1 $18)) 48... Kf3 49. Rf5+ Ke2 50. Nd4+ {[%emt 0:00:00] Black did not feel at home in the position after the opening.   Weighted Error Value: White=0.05 (flawless) /Black=0.66  Mistake:       	---       	Black=5      Inaccurate:     	---       	Black=2      OK:         	White=20    	Black=10     Best:        	White=2     	---} 1-0